 Dungeon Crawl Stone Soup version 0.30-a0-137-gd8773701ce (webtiles) character file.

Game seed: 10309071180747560639

324668 Flugkiller the Warrior (level 22, -8/174 HPs)
             Began as a Djinni Fire Elementalist on Sept 22, 2022.
             Was a Follower of Uskayaw.
             Mangled by a white very ugly thing (49 damage)
             ... on level 1 of the Depths.
             The game lasted 01:43:50 (52664 turns).

Flugkiller the Warrior (Djinni Fire Elementalist)  Turns: 52664, Time: 01:43:51

Health: -8/174     AC: 13    Str:  7    XL:     22   Next: 57%
Gold:   3367       EV: 24    Int: 23    God:    Uskayaw [*.....] SH: 16 Dex: 27

rFire   + + +      SeeInvis +    Z - +5 rapier (distort)
rCold   . . .      Faith    .    E - +0 kite shield {reflect}
rNeg    + . .      Spirit   .    H - +0 troll leather armour
rPois   ∞          Reflect  +    C - +1 hat "Xemnaps" {rPois rF+ rC+}
rElec   .          Harm     .    g - +2 cloak
rCorr   +          Rampage  .    R - +4 pair of gloves of the Past {rF+ rCorr}
Will    ++...                    (boots unavailable)
Stlth   +++++.....               V - amulet of regeneration
HPRegen 1.99/turn                I - +6 ring of dexterity
MPRegen 0.00/turn                r - ring "Iqiphuc" {rN+ EV+4 Dex+2 SInv}

@: flying, very slightly contaminated, studying Short Blades
A: sickness immunity, fire resistance 2, cold vulnerability 1, float, innate
caster, HP casting, extra vitality 1, mutation resistance 1
}: 2/15 runes: decaying, gossamer
a: Renounce Religion, Stomp


You were on level 1 of the Depths.
You worshipped Uskayaw.
Uskayaw was pleased with you.
You visited 8 branches of the dungeon, and saw 36 of its levels.
You also visited: Ice Cave.

You collected 4074 gold pieces.
You spent 707 gold pieces at shops.

Inventory:

Hand Weapons
 Z - a +5 rapier of distortion (weapon)
   (You took it off a spriggan on level 5 of the Lair of Beasts)
Missiles
 a - 20 curare-tipped darts (quivered)
 S - 5 throwing nets
Armour
 g - a +2 cloak (worn)
   (You took it off Crazy Yiuf on level 2 of the Dungeon)
 y - the +8 tower shield "Warphoghe" {Harm Dex+4}
   (You found it on level 4 of the Swamp)

   Dex:       It affects your dexterity (+4).
   Harm:      It increases damage dealt and taken.
 C - the +1 hat "Xemnaps" (worn) {rPois rF+ rC+}
   (You acquired it on level 3 of the Dungeon)

   rF:        It protects you from fire.
   rC:        It protects you from cold.
   rPois:     It protects you from poison.
 E - a +0 kite shield of reflection (worn)
   (You took it off Donald on level 3 of the Spider Nest)
 H - a +0 troll leather armour (worn)
   (You found it on level 12 of the Dungeon)
 M - the +8 chain mail "Geucruyh" {Str+2}
   (You found it on level 2 of the Vaults)

   Str:       It affects your strength (+2).
 R - the +4 pair of gloves of the Past (worn) {rF+ rCorr}
   (You found it on level 13 of the Dungeon)

   rF:        It protects you from fire.
   rCorr:     It protects you from acid and corrosion.
Jewellery
 e - an amulet of faith
   (You found it on level 6 of the Dungeon)
 i - a ring of see invisible
   (You found it on level 2 of the Lair of Beasts)
 l - the ring "Bumpyxij" {rC+ Str+6}
   (You found it in an ice cave)

   [ring of protection from cold]

   Str:       It affects your strength (+6).
   rC:        It protects you from cold.
 m - a ring of willpower
   (You found it on level 1 of the Dungeon)
 p - a ring of protection from fire
   (You found it on level 4 of the Spider Nest)
 r - the ring "Iqiphuc" (right hand) {rN+ EV+4 Dex+2 SInv}
   (You found it in an ice cave)

   [ring of evasion]

   EV:        It affects your evasion (+4).
   Dex:       It affects your dexterity (+2).
   rN:        It protects you from negative energy.
   SInv:      It lets you see invisible.
 s - an amulet of reflection
   (You found it on level 4 of the Vaults)
 v - a +4 ring of evasion
   (You found it on level 10 of the Dungeon)
 I - a +6 ring of dexterity (left hand)
   (You found it on level 1 of the Spider Nest)
 V - an amulet of regeneration (around neck)
   (You found it on level 2 of the Swamp)
Wands
 F - a wand of digging (23)
   (You took it off Maurice on level 9 of the Dungeon)
 G - a wand of mindburst (18)
   (You found it on level 5 of the Lair of Beasts)
 N - a wand of iceblast (52)
   (You bought it in a shop on level 9 of the Dungeon)
 Q - a wand of charming (46)
   (You found it on level 9 of the Dungeon)
Scrolls
 f - 10 scrolls of immolation
 t - 18 scrolls of teleportation
 z - a scroll of blinking
 A - 2 scrolls of brand weapon
 D - 4 scrolls of magic mapping
 K - 3 scrolls of enchant armour
 O - 6 scrolls of vulnerability
 P - 3 scrolls of fog
 T - 10 scrolls of poison
 X - 2 scrolls of fear
Potions
 b - 7 potions of brilliance
 c - 4 potions of lignification
 d - 8 potions of might
 h - 2 potions of haste
 k - 7 potions of mutation
 n - 3 potions of resistance
 q - 18 potions of curing
 u - 3 potions of invisibility
 w - 5 potions of heal wounds
 x - 3 potions of attraction
 B - a potion of cancellation
 J - 6 potions of ambrosia
 L - 5 potions of berserk rage
Miscellaneous
 j - a tin of tremorstones (2/2)
   (You found it on level 4 of the Lair of Beasts)
 o - a phial of floods (inert)
   (You found it on level 13 of the Dungeon)
 U - a phantom mirror (inert)
   (You found it on level 13 of the Dungeon)
 Y - a condenser vane (inert)
   (You found it on level 3 of the Spider Nest)


   Skills:
 + Level 19.7 Fighting
 - Level 14.0 Short Blades
 - Level 11.0 Dodging
 - Level 9.0 Stealth
 + Level 16.4 Shields
 - Level 17.0 Spellcasting
 - Level 12.0 Invocations
 - Level 6.0 Evocations


You couldn't memorise any spells.
You knew the following spells:

 Your Spells              Type           Power      Damage    Failure   Level
a - Foxfire               Conj/Fire      100%       2x1d9     0%          1
b - Scorch                Fire           100%       2d10      0%          2
c - Kindle Blastsparks    Fire/Tloc/Air  100%       2d18      1%          3
d - Inner Flame           Hex/Fire       78%        N/A       1%          3
e - Flame Wave            Conj/Fire      78%        2d17      1%          4
f - Sting                 Tmut/Pois      100%       1d8       0%          1
g - Ensorcelled Hibernat  Hex/Ice        100%       N/A       0%          2
h - Summon Ice Beast      Ice/Summ       78%        N/A       1%          4
i - Summon Mana Viper     Hex/Summ       78%        N/A       1%          5
j - Alistair's Intoxicat  Tmut/Pois      52%        N/A       1%          5
k - Death Channel         Necr           39%        N/A       1%          6
l - Monstrous Menagerie   Summ           39%        N/A       5%          7
m - Ozocubu's Refrigerat  Ice            39%        4d16      5%          7
n - Summon Horrible Thin  Summ           39%        N/A       38%         8
r - Blink                 Tloc           100%       N/A       0%          2
Your spell library was empty.

Dungeon Overview and Level Annotations

Branches:
Dungeon (15/15) Zot: 25636  Temple (1/1) D:5 Zot: 5830    Lair (5/5) D:9 Zot: 16632
  Swamp (4/4) Lair:2 Zot: 20798  Spider (4/4) Lair:3 Zot: 19568   Slime (0/5) Lair:5
    Orc (2/2) D:9 Zot: 10664     Elf (0/3) Orc:2        Vaults (4/5) D:13 Zot: 19009
  Crypt (0/3) Vaults:2     Depths (1/4) D:15 Zot: 5841   IceCv (visited)

Altars:
Ashenzari
Cheibriados
Dithmenos
Elyvilon
Fedhas
Gozag
Hepliaklqana
Makhleb
Nemelex Xobeh
Okawaru
Qazlal
Ru
Trog
Uskayaw
Wu Jian
Xom
Zin
The Shining One
Jiyva
Lugonu

Shops:
D:5 !?   D:6 :   D:9 ?(*   Orc:2 (*[   Vaults:3 [

Portals:
Abyss: Lair:2 Lair:5

Annotations:
D:8 4 transporters, exclusions: orange demon, orc and orc priest, Psyche
Vaults:1 exclusion: orange crystal statue
Vaults:4 Mennas
Abyss:1 Jory


Innate Abilities, Weirdness & Mutations

You are immune to sickness and miasma.
You are immune to poison.
Your flesh is very heat resistant. (rF++)
You are vulnerable to cold. (rC-)
You float through the air rather than walking.
You learn spells naturally, not from books.
Your magical power is your life essence.
You have superior vitality. (+4 MHP)
You are somewhat resistant to further mutation.


Message History

The white very ugly thing is lightly wounded.
The brown very ugly thing gurgles horribly!
The brown very ugly thing is lightly wounded.
Casting: Ozocubu's Refrigeration (dangerous; 5% risk of failure)
Confirm with . or Enter, or press ? or * to list all spells.
The heat is drained from your surroundings.
The brown very ugly thing is almost dead.
The white very ugly thing resists.
The white very ugly thing is lightly wounded.
The brown very ugly thing is heavily wounded.
You can now pass through a line of other dancers.
Casting: Ozocubu's Refrigeration (dangerous; 5% risk of failure)
Confirm with . or Enter, or press ? or * to list all spells.
The heat is drained from your surroundings.
You kill the brown very ugly thing!
The brown very ugly thing is severely wounded.
Uskayaw will force your foes to helplessly watch your dance.
Uskayaw prepares the audience for your solo!
Casting: Ozocubu's Refrigeration (dangerous; 5% risk of failure)
Confirm with . or Enter, or press ? or * to list all spells.
The heat is drained from your surroundings.
The white very ugly thing resists.
The white very ugly thing is lightly wounded.
You kill the brown very ugly thing!
Casting: Ozocubu's Refrigeration (dangerous; 5% risk of failure)
Confirm with . or Enter, or press ? or * to list all spells.
A chill wind blows around you.
The white very ugly thing is no longer paralysed.
Casting: Summon Ice Beast (safe; 1% risk of failure)
Confirm with . or Enter, or press ? or * to list all spells.
A chill wind blows around you.
Your ice beast disappears in a puff of smoke!
Casting: Summon Ice Beast (safe; 1% risk of failure)
Confirm with . or Enter, or press ? or * to list all spells.
You summon a manticore!
Casting: Monstrous Menagerie (dangerous; 5% risk of failure)
Confirm with . or Enter, or press ? or * to list all spells.
You miscast Monstrous Menagerie.
You are very lightly contaminated with residual magic.
Distant voices call out in your mind.
A nameless horror comes into view.
The white very ugly thing trunk-slaps you!
The white very ugly thing freezes you!!
Your ice beast barely misses the white very ugly thing.
You puncture the white very ugly thing!
The white very ugly thing is moderately wounded.
The white very ugly thing trunk-slaps you!
The white very ugly thing freezes you!!!
* * * LOW HITPOINT WARNING * * *
The white very ugly thing attacks as you move away!
The white very ugly thing trunk-slaps you but does no damage.
Send 'em back where they came from!
Your manticore shudders.
Your ice beast shudders.
Your ice beast barely misses the white very ugly thing.
Your manticore bites the white very ugly thing.
Your manticore claws the white very ugly thing. x2
The white very ugly thing barely misses your manticore.
Your ice beast barely misses the white very ugly thing.
Your manticore closely misses the white very ugly thing.
Your manticore claws the white very ugly thing.
Your manticore barely misses the white very ugly thing.
The white very ugly thing trunk-slaps your manticore!
The white very ugly thing freezes your manticore!!!
Your manticore dies!
Your manticore's corpse disappears in a puff of smoke!
The white very ugly thing gurgles horribly!
Your ice beast hits the white very ugly thing.
Your ice beast freezes the white very ugly thing.
The white very ugly thing resists.
Casting: Monstrous Menagerie (dangerous; 5% risk of failure)
Confirm with . or Enter, or press ? or * to list all spells.
You summon a manticore!
* * * LOW HITPOINT WARNING * * *
Your ice beast hits the white very ugly thing but does no damage.
You barely miss the nameless horror.
Send 'em back where they came from!
Your manticore disappears in a puff of smoke!
Your ice beast disappears in a puff of smoke!
Aiming: Line Pass
Press: ? - help, Dir - move target The white very ugly thing appears confused.
Unknown command.
The nameless horror completely misses you.
You can no longer pass through a line of other dancers.
You hit the nameless horror.
The nameless horror is lightly damaged.
You can now pass through a line of other dancers.
You puncture the nameless horror!
Space warps around the nameless horror.
The nameless horror is moderately damaged.
The white very ugly thing seems less confused.
You block the nameless horror's attack.
You hit the nameless horror.
Space warps around the nameless horror.
The nameless horror is severely damaged.
Aiming: Line Pass
Press: ? - help, Dir - move target The white very ugly thing appears confused.
You can no longer pass through a line of other dancers.
The white very ugly thing trunk-slaps you!
* * * LOW HITPOINT WARNING * * *
The white very ugly thing freezes you!!!
You die...

### ####.##### ##
#..'.....####### .#
##..#.....#.....#### ..###
....#.....#..(..+..### ....
...###+#..#.....#....#...#
...#...##'#....##....#...#
.#'#......'....'.....'..#
.#........#>..##@..†.##+#..#
.#........#...+.Xu........#
.'........#####...........#
##).....#+# ##........###
........# ##....####
.......## ###+## '#.....#
.#.....# ### .##....#####.#


You could see a white very ugly thing (confused) and a nameless horror.

Vanquished Creatures
  Saint Roka (Vaults:4)
  Mlioglotl (Spider:3)
  An acid blob (Spider:2)
  A sphinx (Vaults:2)
  2 tengu reavers (Depths:1)
  2 nagarajas (Depths:1)
  Donald (Spider:3)
  4 emperor scorpions
  Aizul (Spider:1)
  5 vault wardens
  15 ironbound preservers
  A war gargoyle (Vaults:2)
  4 broodmothers
  2 stone giants
  A deep elf demonologist (Vaults:3)
  5 very ugly things
  2 eleionomae (Swamp:1)
  12 ironbound thunderhulks
  A bunyip (Swamp:4)
  3 dire elephants (Vaults:2)
  3 spark wasps
  8 entropy weavers
  Josephine (Swamp:1)
  7 yaktaur captains
  3 great orbs of eyes
  Fannar (Lair:1)
  2 vault guards (Vaults:4)
  A jorogumo (Spider:4)
  5 hydras
  Erica (Orc:1)
  12 boulder beetles
  4 ironbound frosthearts
  2 alligators
  5 centaur warriors
  4 death yaks
  A tengu warrior (Depths:1)
  4 orb spiders
  5 pharaoh ants
  40 deep trolls
  7 wizards
  5 steelbarb worms
  A harpy (Vaults:4)
  4 lindwurms (Vaults:3)
  16 ironbound convokers
  A deep elf pyromancer (Depths:1)
  3 swamp dragons (Swamp:4)
  Pikel (D:8)
  17 ugly things
  3 manticores
  11 wolf spiders
  A deep elf zephyrmancer (D:13)
  5 orc sorcerers
  2 oklob plants
  15 nameless horrors
  A will-o-the-wisp (Swamp:4)
  5 elephants
  2 moths of wrath
  A storm dragon simulacrum (IceCv)
  A gargoyle (D:13)
  An orange demon (D:8)
  2 black mambas
  17 vault sentinels
  5 torpor snails
  Maurice (D:9)
  Maggie (D:6)
  A smoke demon (Lair:5)
  6 cane toads
  An efreet (D:14)
  An unseen horror (shapeshifter) (D:14)
  3 rime drakes
  3 komodo dragons
  32 yaktaurs
  7 demonic crawlers
  A freezing wraith (D:14)
  An ancient zyme (Lair:5)
  A tengu conjurer (D:13)
  4 trolls
  15 meliai
  A polar bear (Lair:3)
  16 slime creatures
  10 blink frogs
  Prince Ribbit (D:6)
  10 tarantellas
  2 dream sheep (Lair:4)
  21 jumping spiders
  Sigmund (D:2)
  12 culicivoras
  4 spriggans
  14 yaks
  A shadow (D:12)
  8 wraiths
  2 basilisks (Lair:5)
  27 redbacks
  7 vampire mosquitoes
  2 wargs
  7 acid dragons
  2 swamp worms (Swamp:1)
  An ice beast (D:7)
  2 water moccasins
  A black bear (Lair:3)
  A sky beast (D:6)
  12 orc warriors
  2 swamp drakes (Swamp:4)
  5 centaurs
  4 ogres
  5 boggarts (Vaults:2)
  3 wolves
  4 lemures (D:8)
  2 phantoms
  3 kobold brigands
  2 gnoll sergeants
  5 bullfrogs
  A scorpion (D:5)
  2 wights
  4 killer bees (D:10)
  A howler monkey (D:9)
  4 electric eels (Spider:1)
  A jelly (D:8)
  A gnoll bouda (D:5)
  8 orc priests
  A hound (D:5)
  Crazy Yiuf (D:2)
  4 iguanas
  9 orc wizards
  Natasha (thrice) (D:3)
  Robin (D:2)
  18 gnolls
  5 adders
  2 shadow imps
  3 white imps (D:7)
  3 worms (D:4)
  A dart slug (D:1)
  51 orcs
  12 ball pythons
  5 bats
  5 endoplasms
  5 giant cockroaches
  15 goblins
  3 hobgoblins
  3 jackals (D:2)
  4 quokkas
  3 frilled lizards
  21 kobolds
  5 rats
784 creatures vanquished.

Vanquished Creatures (collateral kills)
  the Lernaean hydra (Swamp:4)
  A golden dragon (IceCv)
  The ghost of gabibbone the Warrior, an adept BaIE of Cheibriados (Swamp:3)
  Agnes (D:15)
  Kirke (Lair:4)
  A tengu reaver (D:13)
  2 very ugly things
  A stone giant (D:15)
  An ironbound preserver (Vaults:4)
  2 bunyips
  5 eleionomae
  A yaktaur captain (D:13)
  An ettin (D:14)
  2 entropy weavers
  Harold (D:10)
  Erolcha (D:10)
  2 catoblepae
  5 ice dragons (IceCv)
  2 ghost crabs (Swamp:3)
  15 hydras
  4 centaur warriors
  An ogre mage (D:15)
  A radroach (Spider:4)
  A boulder beetle (D:11)
  2 ironbound frosthearts
  7 alligators
  A two-headed ogre (shapeshifter) (Lair:5)
  3 tengu warriors
  7 two-headed ogres
  9 death yaks
  3 thrashing horrors (Lair:5)
  5 orc high priests (Orc:2)
  Amaemon (D:8)
  3 pharaoh ants
  A deep troll (Vaults:4)
  10 bog bodies
  4 goliath frogs
  3 spriggan druids
  2 orb spiders
  6 swamp dragons
  8 orc knights
  2 deep elf pyromancers
  3 orc sorcerers (D:15)
  An oklob plant (Lair:4)
  A cyclops (shapeshifter) (Lair:5)
  5 cyclopes (D:13)
  4 manticores
  3 wolf spiders
  5 ugly things
  6 slime creatures
  A will-o-the-wisp (Swamp:3)
  15 elephants
  4 black mambas
  A torpor snail (Spider:4)
  6 storm dragon simulacra (IceCv)
  2 smoke demons (Lair:5)
  3 yaktaurs
  9 cane toads
  An efreet (D:13)
  6 demonic crawlers
  A kobold demonologist (D:13)
  3 freezing wraiths (D:14)
  3 rime drakes
  An unseen horror (D:13)
  5 komodo dragons
  6 golden dragon simulacra (IceCv)
  A polar bear (Lair:3)
  5 trolls
  A bloated husk (Swamp:3)
  8 tyrant leeches
  12 hornets
  7 tarantellas
  15 blink frogs (Lair:5)
  6 dream sheep (Lair:4)
  9 jumping spiders
  10 spriggans
  A spriggan (shapeshifter) (Lair:5)
  2 water elementals (D:13)
  7 culicivoras
  A ynoxinul (Lair:5)
  4 wraiths
  A fire elemental (Lair:4)
  3 wyverns
  23 yaks
  7 basilisks
  2 fire bats (Lair:4)
  9 nameless horrors
  4 hogs (Lair:4)
  14 redbacks
  21 vampire mosquitoes
  Grum (D:10)
  A chaos spawn (Lair:5)
  A steam dragon (D:6)
  A large abomination (Lair:5)
  23 swamp worms
  2 wargs
  5 water moccasins
  25 orc warriors
  4 swamp drakes (Swamp:4)
  3 ice dragon simulacra (IceCv)
  A black bear (shapeshifter) (D:13)
  14 centaurs
  3 ogres (D:15)
  8 wolves
  4 bullfrogs
  2 gnoll sergeants
  2 wights (D:9)
  A killer bee (D:10)
  5 lindwurm simulacra (IceCv)
  6 electric eels
  6 small abominations (Lair:5)
  A gnoll bouda (Orc:1)
  23 orc priests
  5 hell rats (Lair:5)
  7 orc wizards
  12 gnolls
  An adder (D:6)
  48 orcs
614 creatures vanquished.

Vanquished Creatures (others)
  A spark wasp (Spider:3)
  A centaur warrior (D:13)
  A two-headed ogre (D:14)
  A boulder beetle (Spider:3)
  A death knight (D:13)
  A bog body (Swamp:4)
  A deep elf pyromancer (D:14)
  A rime drake (Lair:4)
  3 bloated husks
  An orc wizard (D:6)
  An ufetubus (D:6)
  304 foxfires
  34 fungi
  A lurking horror (Lair:2)
  57 plants
409 creatures vanquished.

Grand Total: 1807 creatures vanquished

Notes
Turn   | Place    | Note
-------+----------+-------------------------------------------
     0 | D:1      | Flugkiller the Djinni Fire Elementalist began the quest for
                  | the Orb.
     0 | D:1      | Flugkiller set off with the following spells memorised:
                  | Foxfire, Scorch, Kindle Blastsparks, Inner Flame, Flame
                  | Wave.
     0 | D:1      | Reached XP level 1. HP: 15/15 MP: 0/0
     2 | D:1      | Noticed a ghoul
     2 | D:1      | Noticed a vampire
     4 | D:1      | Noticed a naga
     4 | D:1      | Noticed a draconian
     6 | D:1      | Noticed a formicid
     8 | D:1      | Noticed a felid
    10 | D:1      | Noticed a human
    10 | D:1      | Noticed a merfolk
    12 | D:1      | Noticed a tengu
    12 | D:1      | Noticed a demigod
    14 | D:1      | Noticed a spriggan
    14 | D:1      | Noticed a vine stalker
    16 | D:1      | Noticed a minotaur
    16 | D:1      | Noticed a palentonga
    18 | D:1      | Noticed a gargoyle
    20 | D:1      | Noticed an ogre
    20 | D:1      | Noticed an octopode
    22 | D:1      | Noticed a meteoran
    22 | D:1      | Noticed a troll
    24 | D:1      | Noticed a demigod
    24 | D:1      | Noticed an elf
    26 | D:1      | Noticed a minotaur
    26 | D:1      | Noticed a tengu
   303 | D:1      | Reached XP level 2. HP: 21/21 MP: 0/0
   319 | D:1      | Found a faded altar of an unknown god.
   320 | D:1      | Noticed an eye of devastation
   323 | D:1      | Noticed a shining eye
   323 | D:1      | Noticed a golden eye
   323 | D:1      | Noticed an eye of devastation
   821 | D:2      | Found a shadowy altar of Dithmenos.
   827 | D:2      | Noticed Sigmund
  1014 | D:2      | Reached XP level 3. HP: 18/25 MP: 0/0
  1014 | D:2      | Learned a level 1 spell: Sting
  1326 | D:2      | Killed Sigmund
  1327 | D:2      | Reached XP level 4. HP: 9/31 MP: 0/0
  1327 | D:2      | Reached XP level 5. HP: 11/35 MP: 0/0
  1327 | D:2      | Learned a level 2 spell: Blink
  1590 | D:2      | Identified the +5 hand axe of Painful Death {vorpal, +Blink
                  | Dex+4}
  1595 | D:2      | Reached XP level 6. HP: 38/40 MP: 0/0
  1695 | D:2      | Noticed Robin
  1707 | D:2      | Killed Robin
  1708 | D:2      | Reached skill level 5 in Spellcasting
  2101 | D:2      | Found a runed translucent door.
  2102 | D:2      | Noticed Crazy Yiuf
  2320 | D:2      | Killed Crazy Yiuf
  2507 | D:3      | Noticed Natasha
  2897 | D:3      | Killed Natasha
  3072 | D:3      | Noticed Natasha
  3087 | D:3      | Killed Natasha
  3088 | D:3      | Reached XP level 7. HP: 27/45 MP: 0/0
  3088 | D:3      | Learned a level 2 spell: Ensorcelled Hibernation
  4278 | D:3      | Noticed Natasha
  4283 | D:3      | Killed Natasha
  4567 | D:4      | Reached skill level 1 in Fighting
  4567 | D:4      | Reached skill level 1 in Short Blades
  5228 | D:4      | Found a snail-covered altar of Cheibriados.
  5331 | D:4      | HP: 1/47 [orc warrior/bolt (23)]
  5685 | D:3      | Identified a scroll of acquirement
  5685 | D:3      | Acquired the +1 hat "Xemnaps" {rPois rF+ rC+}
  6333 | D:4      | Reached skill level 2 in Fighting
  6426 | D:4      | Found the +1 Delatra's gloves {ID++}
  6482 | D:5      | Entered Level 5 of the Dungeon
  6496 | D:5      | Reached XP level 8. HP: 50/55 MP: 0/0
  6510 | D:5      | Found a staircase to the Ecumenical Temple.
  6522 | Temple   | Entered the Ecumenical Temple
  6678 | Temple   | Became a worshipper of Uskayaw the Reveller
  6697 | D:5      | Reached * piety under Uskayaw
  6714 | D:5      | Reached ** piety under Uskayaw
  6989 | D:5      | Reached skill level 3 in Fighting
  7074 | D:5      | Found Risongenu's Distillery.
  7077 | D:5      | Bought a potion of haste for 100 gold pieces
  7077 | D:5      | Bought a potion of lignification for 30 gold pieces
  7078 | D:5      | Found Ruqyn's Magic Scroll Shoppe.
  7083 | D:5      | Bought a scroll of identify for 30 gold pieces
  7378 | D:5      | Reached *** piety under Uskayaw
  7860 | D:6      | Found an opulent altar of Gozag.
  8128 | D:6      | Noticed Prince Ribbit
  8130 | D:6      | Reached skill level 4 in Fighting
  8275 | D:6      | Reached XP level 9. HP: 42/62 MP: 0/0
  8275 | D:6      | Learned a level 4 spell: Summon Ice Beast
  8411 | D:6      | Found Baudonoe's Book Boutique.
  8825 | D:6      | Killed Prince Ribbit
  8925 | D:6      | Reached skill level 5 in Fighting
  8925 | D:6      | Reached skill level 5 in Stealth
  9353 | D:6      | Reached skill level 5 in Short Blades
  9492 | D:6      | Noticed Maggie
  9645 | D:6      | Killed Maggie
  9888 | D:7      | Reached **** piety under Uskayaw
  9926 | D:7      | Identified the +1 cloak of Qazlal's Favour {Harm Regen+
                  | Dex-5}
 10131 | D:7      | Reached XP level 10. HP: 68/70 MP: 0/0
 10584 | D:8      | Noticed Psyche
 10727 | D:8      | Noticed an orange demon
 10743 | D:8      | Noticed Pikel
 10755 | D:8      | Found a broken altar of Ashenzari.
 10780 | D:8      | Killed Pikel
 10780 | D:8      | Reached ***** piety under Uskayaw
 10851 | D:8      | Found a burning altar of Makhleb.
 10851 | D:8      | Found a sparkling altar of Nemelex Xobeh.
 10974 | D:8      | Noticed Amaemon
 11098 | D:8      | Killed an orange demon
 11171 | D:8      | Found a transporter.
 11177 | D:8      | Found a transporter.
 11178 | D:8      | Found a transporter.
 11228 | D:8      | Found a transporter.
 11508 | D:8      | Killed Amaemon
 11875 | D:9      | Found Fopnek's General Store.
 11883 | D:9      | Bought a wand of iceblast (4) for 115 gold pieces
 11883 | D:9      | Bought a scroll of identify for 24 gold pieces
 11883 | D:9      | Bought a scroll of identify for 24 gold pieces
 12052 | D:9      | Noticed Maurice
 12055 | D:9      | Killed Maurice
 12305 | D:9      | Found Dagoh's Magic Scroll Shoppe.
 12316 | D:9      | Bought a scroll of identify for 28 gold pieces
 12316 | D:9      | Bought a scroll of identify for 28 gold pieces
 12316 | D:9      | Bought a scroll of identify for 28 gold pieces
 12403 | D:9      | Found Paqo's Weapon Shoppe.
 12409 | D:9      | Reached XP level 11. HP: 69/75 MP: 0/0
 12409 | D:9      | Learned a level 5 spell: Summon Mana Viper
 12704 | D:9      | Found a staircase to the Orcish Mines.
 12785 | D:9      | Found a staircase to the Lair.
 13124 | D:10     | Entered Level 10 of the Dungeon
 13129 | D:10     | Noticed Erolcha
 13155 | D:10     | Killed Erolcha
 13269 | D:10     | Found a hazy altar of Hepliaklqana.
 13416 | D:10     | Noticed Harold
 13435 | D:10     | Killed Harold
 13644 | D:10     | Reached skill level 10 in Spellcasting
 13768 | D:10     | Noticed Grum
 13783 | D:10     | Killed Grum
 13786 | D:10     | Reached skill level 1 in Invocations
 13908 | D:10     | Reached skill level 1 in Evocations
 14144 | D:10     | Found a sacrificial altar of Ru.
 14148 | D:10     | Found a shadowy altar of Dithmenos.
 14458 | D:11     | Noticed a boulder beetle
 14722 | D:11     | You are sucked into a shaft and drop 1 floor!
 15003 | D:12     | Noticed a manticore
 15702 | Lair:1   | Entered Level 1 of the Lair of Beasts
 15795 | Lair:1   | Reached skill level 5 in Dodging
 15874 | Lair:1   | You are sucked into a shaft and drop 1 floor!
 15941 | Lair:2   | Found a corrupted altar of Lugonu.
 15945 | Lair:2   | Found a one-way gate to the infinite horrors of the Abyss.
 16169 | Lair:2   | Reached XP level 12. HP: 73/82 MP: 0/0
 16366 | Lair:2   | Reached skill level 6 in Fighting
 16789 | Lair:1   | Noticed Fannar
 16801 | Lair:1   | Killed Fannar
 18744 | Lair:2   | Found a staircase to the Swamp.
 19041 | Lair:3   | Reached skill level 7 in Fighting
 19366 | Lair:3   | Noticed a four-headed hydra
 19400 | Lair:3   | Killed a four-headed hydra
 19401 | Lair:3   | Reached skill level 5 in Invocations
 19401 | Lair:3   | Reached skill level 5 in Evocations
 19401 | Lair:3   | Reached XP level 13. HP: 76/90 MP: 0/0
 19401 | Lair:3   | Learned a level 5 spell: Alistair's Intoxication
 19527 | Lair:3   | Found a hole to the Spider Nest.
 19673 | Lair:3   | Noticed a five-headed hydra
 19681 | Lair:3   | Killed a five-headed hydra
 20143 | Lair:3   | Reached skill level 8 in Fighting
 21066 | Lair:4   | Noticed a catoblepas
 21070 | Lair:4   | Noticed a five-headed hydra
 21399 | Lair:4   | Killed a five-headed hydra
 21450 | Lair:4   | Noticed Kirke
 21606 | Lair:4   | Killed a catoblepas
 21725 | Lair:4   | Found a bloodstained altar of Trog.
 22156 | Lair:4   | Killed Kirke
 22157 | Lair:4   | Reached XP level 14. HP: 85/98 MP: 0/0
 22191 | Lair:4   | Found a blossoming altar of Fedhas.
 23677 | Lair:5   | Entered Level 5 of the Lair of Beasts
 26415 | Lair:5   | Reached XP level 15. HP: 76/103 MP: 0/0
 26415 | Lair:5   | Learned a level 6 spell: Death Channel
 26442 | Lair:5   | Reached skill level 15 in Spellcasting
 26629 | Lair:5   | Found a staircase to the Slime Pits.
 26629 | Lair:5   | Found a viscous altar of Jiyva.
 26635 | Lair:5   | Found an ornate altar of the Wu Jian Council.
 27816 | Lair:5   | Reached skill level 10 in Dodging
 28346 | Lair:5   | Found a corrupted altar of Lugonu.
 30339 | D:13     | Found a stormy altar of Qazlal.
 30583 | D:13     | Found a gate to the Vaults.
 30704 | D:13     | Reached XP level 16. HP: 109/109 MP: 0/0
 30912 | D:13     | Noticed a tengu reaver
 30914 | D:13     | Found a runed translucent door.
 31212 | D:13     | Reached skill level 10 in Short Blades
 31575 | D:13     | Reached skill level 1 in Shields
 32160 | D:13     | Reached XP level 17. HP: 109/114 MP: 0/0
 32160 | D:13     | Learned a level 7 spell: Monstrous Menagerie
 32829 | D:13     | Killed a tengu reaver
 32903 | D:13     | Identified the +4 pair of gloves of the Past {rF+ rCorr}
 33341 | D:13     | Found a gate to the Vaults.
 33413 | D:13     | Found a stormy altar of Qazlal.
 33885 | D:14     | Found a frozen archway.
 34148 | IceCv    | Entered an ice cave
 34840 | IceCv    | Noticed a golden dragon
 35506 | IceCv    | Killed a golden dragon
 36195 | IceCv    | Identified the ring "Bumpyxij" {rC+ Str+6}
 36196 | IceCv    | Identified the ring "Iqiphuc" {rN+ EV+4 Dex+2 SInv}
 36386 | D:14     | Identified the +6 sling of Afyf {freeze, Dex+6}
 36759 | D:15     | Entered Level 15 of the Dungeon
 36775 | D:15     | Acquired a manual of Short Blades
 36777 | D:15     | Found a broken altar of Ashenzari.
 36811 | D:15     | Noticed Agnes
 36820 | D:15     | Killed Agnes
 37403 | D:15     | Found a staircase to the Depths.
 37805 | Orc:1    | Entered Level 1 of the Orcish Mines
 37805 | Orc:1    | Noticed Erica
 37811 | Orc:1    | Killed Erica
 37876 | Orc:1    | Reached XP level 18. HP: 118/121 MP: 0/0
 38088 | Orc:2    | Entered Level 2 of the Orcish Mines
 38125 | Orc:2    | Found a staircase to the Elven Halls.
 38802 | Orc:2    | Found Tikikhy's Magic Scroll Boutique.
 38805 | Orc:2    | Found Cielea's General Store.
 38806 | Orc:2    | Found Lug Uvve's Armour Boutique.
 38807 | Orc:2    | Found Koskejio's Weapon Boutique.
 38815 | Orc:2    | Bought 2 potions of resistance for 300 gold pieces
 39272 | Swamp:1  | Entered Level 1 of the Swamp
 39435 | Swamp:1  | Acquired a manual of Fighting
 39517 | Swamp:1  | Noticed Josephine
 39534 | Swamp:1  | Killed Josephine
 39811 | Swamp:1  | Reached skill level 9 in Fighting
 40209 | Swamp:1  | Acquired a manual of Fighting
 40930 | Swamp:3  | Reached skill level 10 in Fighting
 41015 | Swamp:3  | Found a runed translucent gate.
 41106 | Swamp:3  | Found a runed translucent gate.
 41106 | Swamp:3  | Found a runed translucent gate.
 41325 | Swamp:3  | Noticed gabibbone's ghost (adept BaIE)
 41411 | Swamp:4  | Entered Level 4 of the Swamp
 41459 | Swamp:3  | Killed gabibbone's ghost
 41664 | Swamp:4  | Reached skill level 11 in Fighting
 41713 | Swamp:4  | Noticed the 27-headed Lernaean hydra
 41716 | Swamp:4  | Killed the 27-headed Lernaean hydra
 41717 | Swamp:4  | Reached XP level 19. HP: 79/133 MP: 0/0
 41717 | Swamp:4  | Learned a level 7 spell: Ozocubu's Refrigeration
 41928 | Swamp:4  | Reached skill level 12 in Fighting
 42032 | Swamp:4  | Got a decaying rune of Zot
 42059 | Swamp:4  | Identified the +8 arbalest "Puteluol" {speed, Int+4 Stlth+}
 42076 | Swamp:4  | Identified the +8 tower shield "Warphoghe" {Harm Dex+4}
 42471 | Swamp:4  | Acquired 721 gold pieces
 42588 | Spider:1 | Entered Level 1 of the Spider Nest
 42702 | Spider:1 | Reached skill level 13 in Fighting
 42862 | Spider:1 | Reached skill level 5 in Shields
 43083 | Spider:1 | Reached skill level 10 in Invocations
 43113 | Spider:1 | Noticed Aizul
 43119 | Spider:1 | Killed Aizul
 43979 | Spider:2 | Reached skill level 14 in Fighting
 44889 | Spider:3 | Reached XP level 20. HP: 134/147 MP: 0/0
 44893 | Spider:3 | Reached ****** piety under Uskayaw
 44998 | Spider:3 | Noticed Donald
 45016 | Spider:3 | Killed Donald
 45096 | Spider:3 | Noticed Mlioglotl
 45112 | Spider:3 | Killed Mlioglotl
 45525 | Spider:4 | Entered Level 4 of the Spider Nest
 46110 | Spider:4 | Reached skill level 10 in Shields
 46813 | Spider:4 | Got a gossamer rune of Zot
 47303 | Vaults:1 | Entered Level 1 of the Vaults
 48172 | Vaults:1 | Reached skill level 15 in Fighting
 48697 | Vaults:2 | Reached XP level 21. HP: 123/156 MP: 0/0
 48697 | Vaults:2 | Learned a level 8 spell: Summon Horrible Things
 48867 | Vaults:2 | Reached skill level 16 in Fighting
 49214 | Vaults:2 | Found a staircase to the Crypt.
 49445 | Vaults:2 | Reached skill level 17 in Fighting
 49476 | Vaults:2 | Identified the +8 chain mail "Geucruyh" {Str+2}
 50104 | Vaults:3 | Found Toapazoyn's Armour Boutique.
 50256 | Vaults:3 | Reached skill level 18 in Fighting
 50889 | Vaults:4 | Reached skill level 15 in Shields
 50983 | Vaults:4 | Noticed Jory
 51019 | Vaults:4 | Banished Jory
 51090 | Vaults:4 | Reached XP level 22. HP: 113/170 MP: 0/0
 51145 | Vaults:4 | Identified the +0 tower shield of the Everdark {Dex+5}
 51145 | Vaults:4 | Noticed Mennas
 51321 | Vaults:4 | Noticed Saint Roka
 51329 | Vaults:4 | Killed Saint Roka
 51505 | Vaults:4 | Reached skill level 19 in Fighting
 51836 | Vaults:4 | Gained mutation: Your movements are slightly less
                  | encumbered by armour. (ER -2) [mutagenic glow]
 51847 | Vaults:3 | Gained mutation: You are clumsy. (Dex -2) [mutagenic glow]
 51864 | Vaults:3 | Gained mutation: You sometimes lose your temper in combat.
                  | [mutagenic glow]
 51965 | Vaults:3 | Lost mutation: You are clumsy. (Dex -2) [potion of
                  | mutation]
 51965 | Vaults:3 | Lost mutation: Your movements are slightly less encumbered
                  | by armour. (ER -2) [potion of mutation]
 51965 | Vaults:3 | Gained mutation: Your body sometimes deteriorates upon
                  | taking damage. [potion of mutation]
 51966 | Vaults:3 | Lost mutation: Your body sometimes deteriorates upon taking
                  | damage. [potion of mutation]
 51966 | Vaults:3 | Lost mutation: You sometimes lose your temper in combat.
                  | [potion of mutation]
 51966 | Vaults:3 | Gained mutation: You are somewhat resistant to further
                  | mutation. [potion of mutation]
 52470 | Depths:1 | Entered Level 1 of the Depths
 52664 | Depths:1 | Mangled by a white very ugly thing

Illustrated notes

Levels and vault maps discovered:
D:1:      kb_arrival_jail, layout_loops_ring,
          hellmonk_ecumenical_altar_watching_god, ebering_dispersal_statue_hall,
          corner_web_ring
D:2:      layout_basic, basic_altar, minmay_fractal_squares_5,
          uniq_crazy_yiuf_cottage, uniq_sigmund, uniq_robin
D:3:      layout_basic, uniq_natasha
D:4:      layout_basic, cheibrodos_worm_habitat, pf_guarded_unrand_delatra
D:5:      layout_basic, minmay_temple_entry_wispy, serial_shops,
          nicolae_shop_trees, kennysheep_mini
D:6:      layout_basic, grunt_gozag_statues, serial_shops, nicolae_square_shop,
          uniq_prince_ribbit1, uniq_maggie
D:7:      layout_rooms
D:8:      layout_cave_pools, kennysheep_mini_moat,
          gammafunk_temple_overflow_wave, minivault_27,
          nicolae_transporter_circle, uniq_pikel, uniq_amaemon, uniq_psyche
D:9:      layout_grid_maze, lair_entry_dummy, orc_0_dummy, serial_shops, shop,
          shop, shop, uniq_maurice
D:10:     layout_roguey, nicolae_overflow_hidden_temple, lemuel_crystal_altar,
          david_defended_altar_orc, uniq_grum, uniq_erolcha, uniq_harold
D:11:     layout_roguey
D:12:     layout_rooms
D:13:     minmay_imperfect_grid, layout_basic, david_vaults_2, minmay_st_funbox,
          nicolae_qazlal_scattered_showers
D:14:     layout_big_octagon, infiniplex_staircase_squiggle,
          portal_ice_cave_entry_frozen_things, kennysheep_just_a_vault
D:15:     grunt_enter_depths_snipers, layout_loops_cross,
          ashenzari_conservatory_becter, uniq_agnes
Temple:   dpeg_chambers_temple
Lair:1:   layout_regular_city, serial_bayou_shore_b, uniq_fannar
Lair:2:   layout_roguey, nicolae_swamp_entry_splash_gauntlet,
          amcnicky_altar_lugonu_corruption, serial_bayou_shore_a
Lair:3:   layout_regular_city, nicolae_spider_entry_orb_guardian
Lair:4:   layout_gridlike, wad_woods_road_06, hangedman_tree_tricks,
          lemuel_centaur_altar, uniq_kirke
Lair:5:   hellmonk_lair_end_abyssal_woods, layout_cellular_growth,
          slime_entry_1, basic_altar, grunt_megastairs_3,
          infiniplex_staircase_pool_2
Swamp:1:  layout_basic_swamp, evilmike_swamp_ruin_house_6, uniq_josephine
Swamp:2:  layout_basic_swamp, evilmike_swamp_ruin_house_2
Swamp:3:  layout_basic_swamp, ebering_ghost_rock_garden,
          hangedman_swamp_ruin_wall, swamp_pool2
Swamp:4:  grunt_swamp_rune_castle, layout_basic_swamp
Spider:1: layout_spider_delve, uniq_aizul
Spider:2: layout_spider_delve, nicolae_spider_acid_house
Spider:3: layout_spider_delve, uniq_mlioglotl, uniq_donald
Spider:4: hellmonk_spider_rune_bug_friends, einodemon_crawler_minivault
Orc:1:    layout_diamond_mine, basic_altar, uniq_erica
Orc:2:    st_orc_pillars, layout_caves, basic_altar
Vaults:1: nicolae_vaults_three_branches, nicolae_vaults_network_s,
          hangedman_vaults_impose, nicolae_vaults_statue_guard, v_misc_19,
          v_alt_pattern_3, hangedman_vaults_corner_blocks, vaults_dpeg_hooks,
          layout_vaults_omnibox
Vaults:2: nicolae_vaults_puzzle_piece, v_misc_17, grunt_vaults_diagonal,
          st_cells, v_misc_9, ontoclasm_vaults_shuriken, v_misc_18,
          ontoclasm_vaults_twist, ontoclasm_vaults_ring_small,
          vaults_room_fours, nicolae_vaults_angled_halls, hangedman_vaults_trim,
          layout_vaults_omnicross, dummy_crypt_entry
Vaults:3: nicolae_vaults_hallways_thing, nicolae_vaults_windows_and_doors_thing,
          v_misc_12, vaults_dpeg_diagonal, nicolae_vaults_theta, v_rooms_1,
          ontoclasm_vaults_decontamination, st_squares, v_misc_31,
          hangedman_vaults_pinch, hangedman_vaults_maws, v_misc_17,
          layout_vaults_big_room, serial_shops, nicolae_shop_behind_doors
Vaults:4: ontoclasm_vaults_misaligned, vaults_room_large_hall,
          hangedman_vaults_cutoff, hangedman_vaults_stretched_pinwheel,
          v_rooms_5, nicolae_vaults_alarming, hangedman_vaults_river_flow,
          vaults_mumra_lcd, v_misc_18, hangedman_vaults_stretched_pinwheel,
          vaults_mumra_hex, v_alt_pattern_1, vaults_dpeg_cross,
          ontoclasm_vaults_loading_screen, layout_vaults_maze_snakey,
          uniq_mennas, uniq_jory, uniq_saint_roka
Depths:1: layout_honeycomb, lightli_too_deep, grunt_absolute_annihilation

Skill      XL: |  1  2  3  4  5  6  7  8  9 10 11 12 13 14 15 16 17 18 19 20 21 22 |
---------------+-------------------------------------------------------------------+-----
Spellcasting   | 3 4 5 8 10 12 14 15 16 17 | 17.0
Stealth        | 2 4 6 7 8 9 |  9.0
Fighting       | 2 4 5 7 8 11 14 15 18 19 | 19.7
Short Blades   | 2 4 5 6 9 10 11 14 | 14.0
Dodging        | 4 5 7 8 11 | 11.0
Invocations    | 2 5 6 8 11 12 | 12.0
Evocations     | 2 5 6 |  6.0
Shields        | 2 4 7 12 15 16 | 16.4

Action                   |  1- 3 |  4- 6 |  7- 9 | 10-12 | 13-15 | 16-18 | 19-21 | 22-24 || total
-------------------------+-------+-------+-------+-------+-------+-------+-------+-------++-------
Melee: Short sword       |     9 |       |    12 |       |       |       |       |       ||    21
       Dagger            |       |       |   203 |   260 |   247 |       |       |       ||   710
       Punch             |       |       |     1 |     3 |     7 |       |       |       ||    11
       Rapier            |       |       |       |       |    60 |   274 |   306 |    34 ||   674
Throw: Dart              |       |       |       |       |     2 |       |       |     1 ||     3
 Cast: Foxfire           |    51 |    62 |    65 |    13 |       |       |       |       ||   191
       Scorch            |       |    16 |     3 |    12 |     8 |     1 |       |       ||    40
       Ensorcelled Hiber |       |       |    79 |    38 |     5 |     1 |       |     3 ||   126
       Flame Wave        |       |       |     7 |     3 |     2 |       |       |       ||    12
       Summon Ice Beast  |       |       |     6 |    66 |   134 |    36 |     1 |     2 ||   245
       Blink             |       |       |       |     3 |     9 |     3 |     4 |       ||    19
       Summon Mana Viper |       |       |       |    48 |   119 |    43 |     1 |     2 ||   213
       Inner Flame       |       |       |       |       |    21 |       |       |       ||    21
       Death Channel     |       |       |       |       |     3 |     5 |       |       ||     8
       Alistair's Intoxi |       |       |       |       |       |     8 |       |       ||     8
       Monstrous Menager |       |       |       |       |       |   251 |   131 |     7 ||   389
       Ozocubu's Refrige |       |       |       |       |       |       |   425 |   136 ||   561
       Summon Horrible T |       |       |       |       |       |       |     1 |     3 ||     4
Invok: Stomp             |       |       |       |       |       |       |     2 |       ||     2
       Line Pass         |       |       |       |       |       |       |     3 |     2 ||     5
       Grand Finale      |       |       |       |       |       |       |       |     1 ||     1
Evoke: Wand              |       |       |     1 |     2 |     7 |     1 |     8 |     3 ||    22
       Tin of tremorston |       |       |       |       |     1 |     3 |     2 |       ||     6
       Phantom mirror    |       |       |       |       |       |     2 |     1 |     1 ||     4
       Phial of floods   |       |       |       |       |       |     1 |     1 |     1 ||     3
       Condenser vane    |       |       |       |       |       |       |       |     1 ||     1
  Use: Scroll            |       |       |    14 |    12 |     3 |     6 |     6 |     3 ||    44
       Potion            |       |       |     2 |     1 |     3 |     3 |     1 |     7 ||    17
 Stab: Sleeping          |     1 |       |    45 |    19 |     3 |     9 |     3 |     1 ||    81
       Paralysed         |       |       |     2 |     5 |    10 |     9 |    42 |     2 ||    70
       Distracted        |       |       |       |     6 |     8 |    10 |    14 |       ||    38
       Confused          |       |       |       |       |       |     1 |       |       ||     1
       Invisible         |       |       |       |       |       |       |     3 |       ||     3
Armor: Robe              |     4 |     1 |    36 |    12 |    75 |     1 |       |       ||   129
       Steam dragon scal |       |       |    10 |    78 |       |       |       |       ||    88
       Troll leather arm |       |       |       |       |     6 |    61 |    47 |     2 ||   116
       Skin              |       |       |       |       |       |     4 |       |       ||     4
Dodge: Dodged            |     8 |     7 |   145 |   207 |   412 |   344 |   326 |    17 ||  1466
Block: Buckler           |       |       |       |       |    15 |    72 |   120 |       ||   207
       Kite shield       |       |       |       |       |       |       |     4 |    23 ||    27
       Reflection        |       |       |       |       |       |       |       |     4 ||     4

Table legend: (Time is in decaauts)
 A = Elapsed time spent in this place.
 B = Non-inter-level travel time spent in this place.
 C = Inter-level travel time spent in this place.
 D = Time resting spent in this place.
 E = Time spent auto-exploring this place.
 F = Levels seen in this place.
 G = Mean time per level.
                   A        B        C        D        E       F      G
               +--------+--------+--------+--------+--------+-----+--------+
         Total |  52293 |  49463 |   2830 |  19408 |  18992 |  37 | 1413.3 |
       Dungeon |  22491 |  21144 |   1347 |   7713 |   9202 |  15 | 1499.4 |
        Temple |    169 |    148 |     21 |      0 |    137 |   1 |  169.0 |
          Lair |  13368 |  12858 |    510 |   7240 |   3210 |   5 | 2673.6 |
         Swamp |   3201 |   2982 |    219 |    795 |   1170 |   4 |  800.2 |
   Spider Nest |   4431 |   4109 |    322 |   1140 |   1835 |   4 | 1107.8 |
  Orcish Mines |   1335 |   1177 |    158 |     67 |    720 |   2 |  667.5 |
        Vaults |   4990 |   4740 |    250 |   1059 |   2491 |   4 | 1247.5 |
        Depths |    157 |    157 |      0 |     11 |     70 |   1 |  157.0 |
      Ice Cave |   2147 |   2147 |      0 |   1383 |    157 |   1 | 2147.0 |
               +--------+--------+--------+--------+--------+-----+--------+

Top non-repeatable levels by time:
  Lair:4: 3951 daAuts
  Lair:5: 3340 daAuts
    D:13: 3281 daAuts
  Lair:3: 2612 daAuts
     D:3: 2230 daAuts
   IceCv: 2147 daAuts
     D:2: 1848 daAuts
     D:5: 1838 daAuts
  Lair:1: 1829 daAuts
  Lair:2: 1634 daAuts
     D:4: 1491 daAuts
     D:9: 1489 daAuts
    D:12: 1461 daAuts
    D:10: 1383 daAuts
    D:11: 1379 daAuts
